 Dungeon Crawl Stone Soup version 0.24-a0-525-g9231cdc (webtiles) character file.

137 Svalin the Chopper (level 5, -7/45 HPs)
             Began as a Hill Orc Berserker on Dec 30, 2017.
             Was a Believer of Trog.
             Mangled by a worm (9 damage)
             ... on level 3 of the Dungeon on Aug 3, 2019.
             The game lasted 00:06:51 (3073 turns).

Svalin the Chopper (Hill Orc Berserker)             Turns: 3073, Time: 00:06:51

Health: -7/45      AC:  6    Str: 20    XL:     5   Next: 20%
Magic:  5/5        EV: 10    Int:  7    God:    Trog [**....]
Gold:   153        SH:  0    Dex: 11    Spells: 4/4 levels left

rFire    . . .     SeeInvis .   a - +0 hand axe
rCold    . . .     Gourm    .   (no shield)
rNeg     . . .     Faith    .   j - +0 scale mail
rPois    .         Spirit   .   (no helmet)
rElec    .         Reflect  .   (no cloak)
rCorr    .         Harm     .   (no gloves)
MR       .....                  (no boots)
Stlth    ..........             (no amulet)
HPRegen  0.15/turn              (no ring)
MPRegen  0.09/turn              (no ring)

@: no status effects
A: no striking features
a: Berserk, Trog's Hand, Renounce Religion


You were on level 3 of the Dungeon.
You worshipped Trog.
Trog was pleased with you.
You were not hungry.

You visited 1 branch of the dungeon, and saw 3 of its levels.

You collected 153 gold pieces.

Inventory:

Hand Weapons
 a - a +0 hand axe (weapon)
Armour
 b - a +0 animal skin
 j - a +0 scale mail (worn)
Scrolls
 e - 2 scrolls of identify
 f - 4 scrolls of immolation
 g - 2 scrolls of remove curse
 o - a scroll of fear
Potions
 d - 2 potions of curing
 h - a potion of resistance
 i - 2 potions of invisibility
Comestibles
 c - 4 rations
 n - 2 chunks of flesh


   Skills:
 - Level 3.6 Fighting
 + Level 7.6 Axes
 - Level 2.1 Armour
 - Level 1.5 Dodging


You had 4 spell levels left.
You didn't know any spells.
Your spell library was empty.

Dungeon Overview and Level Annotations

Branches:
Dungeon (3/15)

Altars:
Fedhas
Ru
Sif Muna
Yredelemnul

Annotations:
D:2 1 runed door


Message History

The orc completely misses you. The orc hits you with a +0 dagger.
The worm bites you.
* * * LOW HITPOINT WARNING * * *
The orc hits you but does no damage.
The orc hits you but does no damage. x2; The orc hits you.
* * * LOW HITPOINT WARNING * * *
The worm closely misses you. The orc closely misses you.
The orc barely misses you. x2
The orc hits you but does no damage. The orc closely misses you.
The worm barely misses you. The orc closely misses you.
The orc barely misses you. The orc hits you but does no damage.
The orc barely misses you. The orc hits you.
* * * LOW HITPOINT WARNING * * *
The orc hits you but does no damage. The worm bites you.
* * * LOW HITPOINT WARNING * * *
The orc closely misses you.
The orc jeers loudly.
The orc barely misses you. x3; The worm bites you!
You die...

** *,***** ,* *,,,,,* ,* *,***,*
,* *,*<*,* ,**************###
*,*,*,** ,,,,,,,,,,,,,,,..#
*,*,*,,, ***************#.#
*,*,****
********########o#######**,*,****
,,,,,,,,......oo@w......,,,,,,,>,
*****,**########o#######**,*,*,**
*,,,,*#####* #o# *,*,,,,<
*,,,,,.....####.###### *,******
#..,,,...............# *,,,,,,,
#....,...............#**********
#....**###................,,,,,,
#....# #####.#####..#####******
#....####.....# *..#


You could see a worm and 5 orcs.

Vanquished Creatures
  Jessica (D:2)
  A worker ant (D:3)
  3 adders
  2 worms (D:2)
  A dart slug (D:1)
  2 leopard geckos
  5 bats (D:1)
  3 giant cockroaches (D:3)
  2 goblins (D:1)
  10 hobgoblins
  2 jackals (D:3)
  A quokka (D:2)
  A ball python (D:1)
  3 frilled lizards
  6 kobolds
  A kobold skeleton (D:2)
  10 rats
54 creatures vanquished.

Notes
Turn   | Place    | Note
-------+----------+-------------------------------------------
     0 | D:1      | Svalin the Hill Orc Berserker began the quest for the Orb.
     0 | D:1      | Reached XP level 1. HP: 19/19 MP: 1/1
   176 | D:1      | Reached XP level 2. HP: 26/26 MP: 2/2
   410 | D:1      | Reached skill level 5 in Axes
   906 | D:1      | Reached XP level 3. HP: 29/31 MP: 3/3
  1816 | D:2      | Reached skill level 6 in Axes
  1863 | D:2      | Found a runed door.
  1863 | D:2      | Noticed a human
  1864 | D:2      | Found a basalt altar of Yredelemnul.
  1865 | D:2      | Reached ** piety under Trog
  2116 | D:2      | Noticed Jessica
  2126 | D:2      | Killed Jessica
  2126 | D:2      | Reached XP level 4. HP: 39/39 MP: 4/4
  2500 | D:3      | Reached skill level 7 in Axes
  2500 | D:3      | Reached XP level 5. HP: 37/45 MP: 5/5
  2834 | D:3      | Found a sacrificial altar of Ru.
  2868 | D:3      | Found a deep blue altar of Sif Muna.
  2969 | D:3      | Found a blossoming altar of Fedhas.
  3072 | D:3      | HP: 2/45 [worm (6)]
  3073 | D:3      | Mangled by a worm

Levels and vault maps discovered:
D:1:      shiori_arrival_elements, serial_bayou_crossing
D:2:      dk_yredelemnul_ordeal, uniq_jessica
D:3:      nicolae_overflow_crystal_walls, lemuel_crystal_altar,
          hangedman_decor_points, serial_bayou_lagoon_a, lemuel_blue_sif_altar

Skill      XL: |  1  2  3  4 |
---------------+-------------+-----
Axes           | 5 6 7 |  7.6
Fighting       | |  3.6
Armour         | |  2.1
Dodging        | |  1.5

Action                   |  1- 3 |  4- 6 || total
-------------------------+-------+-------++-------
Melee: Hand axe          |   129 |    61 ||   190
Invok: Trog's Hand       |     2 |       ||     2
       Brothers in Arms  |     1 |       ||     1
  Use: Scroll            |       |    10 ||    10
  Eat: Chunk             |     2 |     4 ||     6
       Ration            |     1 |       ||     1
Armor: Animal skin       |    14 |       ||    14
       Scale mail        |    23 |    69 ||    92
Dodge: Dodged            |    74 |   100 ||   174

Table legend:
 A = Non-vault XP
 B = Vault XP
 C = Vault XP percentage of total XP
 D = Non-vault monster count
 E = Vault monster count
 F = Vault count percentage of total count
                 A         B        C        D         E       F
            +---------+---------+-------+---------+---------+-------
      Total |     197 |       0 |   0.0 |      54 |       0 |   0.0
            +---------+---------+-------+---------+---------+-------
        D:1 |      39 |       0 |   0.0 |      24 |       0 |   0.0
        D:2 |      94 |       0 |   0.0 |      18 |       0 |   0.0
        D:3 |      64 |       0 |   0.0 |      12 |       0 |   0.0
            +---------+---------+-------+---------+---------+-------
